 Dungeon Crawl Stone Soup version 0.29-a0-283-ga02f740833 (webtiles) character file.

Game seed: 5561684736726699251

140 enile the Skirmisher (level 5, 0/57 HPs)
             Began as an Ogre Fire Elementalist on Mar 13, 2022.
             Was a Believer of Uskayaw.
             Succumbed to an adder's poison
             ... in a sewer.
             The game lasted 00:04:09 (2965 turns).

enile the Skirmisher (Ogre Fire Elementalist)       Turns: 2965, Time: 00:04:09

Health: 0/57       AC:  3    Str: 18    XL:     5   Next: 22%
Magic:  9/20       EV:  9    Int: 18    God:    Uskayaw [**....]
Gold:   123        SH:  0    Dex:  9    Spells: 9/12 levels left

rFire   . . .      SeeInvis .   l - +1 broad axe (vamp)
rCold   . . .      Faith    .   (no shield)
rNeg    . . .      Spirit   .   a - +0 robe
rPois   .          Reflect  .   (helmet restricted)
rElec   .          Harm     .   (no cloak)
rCorr   .          Rampage  .   (gloves unavailable)
Will    .....                   (boots unavailable)
Stlth   ..........              (no amulet)
HPRegen 0.19/turn               d - ring of magical power
MPRegen 0.17/turn               k - +6 ring of strength

@: mighty, lethally poisoned (0 -> -6), silenced, hasted, very quick
A: large, unfitting armour, tough skin 1
a: Renounce Religion


You were in a sewer.
You worshipped Uskayaw.
Uskayaw was noncommittal.
You visited 1 branch of the dungeon, and saw 3 of its levels.
You also visited: Sewer.

You collected 123 gold pieces.

Inventory:

Hand Weapons
 h - a +2 short sword of draining
 l - a +1 vampiric broad axe (weapon)
Armour
 a - a +0 robe (worn)
Jewellery
 d - a ring of magical power (left hand)
 k - a +6 ring of strength (right hand)
Scrolls
 f - a scroll of immolation
 n - 2 scrolls of identify
 o - a scroll of teleportation {unknown}
Potions
 b - a potion of magic
 e - 3 potions of mutation
 m - 5 potions of flight


   Skills:
 - Level 5.0 Fighting
 - Level 1.7 Dodging
 - Level 1.4 Stealth
 - Level 4.0 Spellcasting
 - Level 0.8 Conjurations
 - Level 2.6 Fire Magic
 + Level 0.0 Invocations


You had 9 spell levels left.
You knew the following spells:

 Your Spells              Type           Power      Damage    Failure   Level
a - Foxfire               Conj/Fire      36%        2x1d5     7%          1
b - Scorch                Fire           26%        2d6       8%          2

Your spell library contained the following spells:

 Spells                   Type           Power      Damage    Failure   Level
 Shock                    Conj/Air       20%        1d4       12%         1
 Sting                    Tmut/Pois      12%        1d3       14%         1
 Summon Small Mammal      Summ           12%        N/A       14%         1
 Poisonous Vapours        Pois/Air       6%         N/A       22%         2
 Conjure Flame            Conj/Fire      9%         6-21      22%         3
 Inner Flame              Hex/Fire       8%         N/A       26%         3
 Call Canine Familiar     Summ           3%         N/A       41%         3
 Frozen Ramparts          Ice            6%         1d2       41%         3
 Summon Guardian Golem    Hex/Summ       3%         N/A       41%         3
 Swiftness                Air            3%         N/A       41%         3
 Flame Wave               Conj/Fire      9%         2d5       56%         4
 Airstrike                Air            1%         N/A       82%         4
 Ice Form                 Ice/Tmut       3%         N/A       82%         4
 Olgreb's Toxic Radiance  Pois           3%         N/A       82%         4
 Summon Ice Beast         Ice/Summ       3%         N/A       82%         4


Dungeon Overview and Level Annotations

Branches:
Dungeon (3/15)              Sewer (1/1)

Altars:
Ashenzari
Uskayaw

Shops:
D:1 [


Innate Abilities, Weirdness & Mutations

You are too large for most types of armour.
You have tough skin. (AC +1)


Message History

The river rat is moderately wounded.
The foxfire hits the river rat.
The river rat is moderately wounded.
Casting: Foxfire (safe; 8% risk of failure)
Confirm with . or Enter, or press ? or * to list all spells.
Flames lash the river rat.
You kill the river rat!
You can now pass through a line of other dancers.
Casting: Scorch (safe; 8% risk of failure)
Confirm with . or Enter, or press ? or * to list all spells.
Flames lash the river rat.
The river rat is almost dead.
The river rat's fire resistance burns away.
You barely miss the river rat.
The river rat is almost dead.
The river rat barely misses you.
You slash the river rat!
You kill the river rat!
Training target 4.0 for Spellcasting reached!
Your Spellcasting skill increases to level 4!
You need to enable at least one skill for training.
You open the large door. 3 adders come into view.
The adder hisses angrily.
There is a large open door here.
The adder bites you but does no damage.
The adder hisses angrily.
The adder bites you but does no damage.
You closely miss the adder. x2
You catch the helpless adder completely off-guard!
You hit the adder. The adder bites you.
* * * LOW HITPOINT WARNING * * *
You are lethally poisoned!
The adder poisons you! The adder bites you.
* * * LOW HITPOINT WARNING * * *
The adder bites you but does no damage.
Okay, then.
As you read the scroll labelled ICAMOA SUUBBUKE, it crumbles to dust.
A profound silence engulfs you.
It was a scroll of silence.
You die...

#.'..†!##≈≈.#
#.'..'!##≈≈≈#
#.#..#.##≈≈≈#
# #..####≈≈≈#
#..# #≈≈†#
#..####≈≈≈#
#..#.##≈≈≈#
+..S.##≈≈.#
+..S@##≈≈†#
#..#S##≈≈≈#
#..####.≈≈#
#..# #≈≈.#
#∩∩# #≈≈≈#
#### #≈≈≈#
#.≈.# #≈≈.#
#.≈≈#


You could see 3 adders.

Vanquished Creatures
  3 adders (Sewer)
  5 river rats (Sewer)
  3 worms
  11 ball pythons
  3 endoplasms
  2 giant cockroaches
  5 hobgoblins
  A jackal (Sewer)
  4 quokkas
  9 bats
  2 frilled lizards
  6 goblins
  4 kobolds
  A rat (D:2)
59 creatures vanquished.

Vanquished Creatures (others)
  160 foxfires
160 creatures vanquished.

Grand Total: 219 creatures vanquished

Notes
Turn   | Place    | Note
-------+----------+-------------------------------------------
     0 | D:1      | enile the Ogre Fire Elementalist began the quest for the
                  | Orb.
     0 | D:1      | Reached XP level 1. HP: 16/16 MP: 3/3
    84 | D:1      | Reached skill level 1 in Fighting
   223 | D:1      | Reached skill level 2 in Fighting
   376 | D:1      | Reached XP level 2. HP: 28/28 MP: 3/5
   578 | D:1      | Found Attesic's Armour Shoppe.
   806 | D:1      | Reached skill level 3 in Fighting
  1051 | D:1      | Reached XP level 3. HP: 37/37 MP: 4/6
  1528 | D:2      | Found a hide-covered altar of Uskayaw.
  1847 | D:2      | Learned a level 2 spell: Scorch
  1882 | D:2      | Reached skill level 4 in Fighting
  2301 | D:2      | Became a worshipper of Uskayaw the Reveller
  2363 | D:3      | Reached * piety under Uskayaw
  2464 | D:3      | Found a broken altar of Ashenzari.
  2474 | D:3      | Reached ** piety under Uskayaw
  2565 | D:3      | Found a glowing drain.
  2574 | Sewer    | Entered a sewer
  2582 | Sewer    | Reached XP level 4. HP: 43/49 MP: 7/7
  2642 | Sewer    | Reached skill level 5 in Fighting
  2951 | Sewer    | Reached XP level 5. HP: 6/57 MP: 10/10
  2964 | Sewer    | HP: 2/57 [adder (3)]
  2965 | Sewer    | Succumbed to an adder's poison

Illustrated notes

Levels and vault maps discovered:
D:1:      shiori_arrival_oz, layout_basic, serial_shops, nicolae_diamond_shop,
          minmay_cut_off
D:2:      layout_basic, basic_altar
D:3:      layout_basic, ashenzari_conservatory_becter,
          mainiacjoe_overflow_catwalk, gammafunk_ghost_icy,
          shapermc_ecumenical_altar_ellora, serial_shops, shop,
          cheibrodos_sewer_entry_bend, uniq_sigmund, uniq_grinder, uniq_robin
Sewer:    sewer_fruit_machine

Skill      XL: |  1  2  3  4  5 |
---------------+----------------+-----
Fighting       | 2 3 4 5 |  5.0
Spellcasting   | 3 4 |  4.0
Dodging        | |  1.7
Stealth        | |  1.4
Conjurations   | |  0.8
Fire Magic     | |  2.6

Action                   |  1- 3 |  4- 6 || total
-------------------------+-------+-------++-------
Melee: Unarmed           |     6 |       ||     6
       Short sword       |     1 |       ||     1
       Broad axe         |    27 |     6 ||    33
       Punch             |     1 |       ||     1
 Cast: Foxfire           |    69 |    26 ||    95
       Scorch            |     1 |     5 ||     6
Invok: Stomp             |       |     1 ||     1
  Use: Scroll            |     4 |     2 ||     6
       Potion            |       |     2 ||     2
 Stab: Sleeping          |     2 |       ||     2
       Distracted        |       |     1 ||     1
Armor: Robe              |    20 |     8 ||    28
Dodge: Dodged            |    36 |    12 ||    48

Table legend: (Time is in decaauts)
 A = Elapsed time spent in this place.
 B = Non-inter-level travel time spent in this place.
 C = Inter-level travel time spent in this place.
 D = Time resting spent in this place.
 E = Time spent auto-exploring this place.
 F = Levels seen in this place.
 G = Mean time per level.
                   A        B        C        D        E       F      G
               +--------+--------+--------+--------+--------+-----+--------+
         Total |   3018 |   2712 |    306 |      0 |   2145 |   4 |  754.5 |
       Dungeon |   2588 |   2282 |    306 |      0 |   1822 |   3 |  862.7 |
         Sewer |    430 |    430 |      0 |      0 |    323 |   1 |  430.0 |
               +--------+--------+--------+--------+--------+-----+--------+

Top non-repeatable levels by time:
     D:1: 1359 daAuts
     D:2: 970 daAuts
   Sewer: 430 daAuts
     D:3: 258 daAuts
